 Dungeon Crawl Stone Soup version 0.25-a0-308-geac79542e2 (webtiles) character file.

Game seed: 10512010838034339919, levelgen mode: deterministic

10199 mopl the Summoner (level 11, -9/80 HPs)
             Began as a Barachi Summoner on Dec 20, 2019.
             Was an Elder of Sif Muna.
             Mangled by a vampire knight
             ... wielding a +2 battleaxe
              (34 damage)
             ... on level 11 of the Dungeon on Dec 21, 2019.
             The game lasted 00:33:04 (12522 turns).

mopl the Summoner (Barachi Summoner)               Turns: 12522, Time: 00:33:04

Health: -9/80      AC: 16    Str: 10    XL:     11   Next: 58%
Magic:  2/25       EV: 11    Int: 22    God:    Sif Muna [****..]
Gold:   880        SH:  5    Dex: 17    Spells: 13/30 levels left

rFire    + . .     SeeInvis .   a - +3 trident (venom)
rCold    . . .     Gourm    .   Y - +0 buckler
rNeg     + . .     Faith    .   I - +3 ring mail "Jote" {Int+4 Dex+4}
rPois    +         Spirit   .   g - +1 helmet
rElec    .         Reflect  .   W - +0 cloak
rCorr    .         Harm     .   E - +1 pair of gloves
MR       .....                  x - +0 pair of boots
Stlth    +.........             (no amulet)
HPRegen  0.23/turn              G - ring "Irhunuma" {rF+ rN+ AC+2}
MPRegen  0.19/turn              J - ring of poison resistance

@: can't hop, very slightly contaminated, slow
A: +LOS, swims, slowness 1, strong legs 1
a: Hop, Channel Magic, Forget Spell, Divine Exegesis, Renounce Religion


You were on level 11 of the Dungeon.
You worshipped Sif Muna.
Sif Muna was greatly pleased with you.
You were hungry.

You visited 2 branches of the dungeon, and saw 12 of its levels.
You also visited: Ossuary.

You collected 880 gold pieces.

Inventory:

Hand Weapons
 a - a +3 trident of venom (weapon)
 b - a +6 spear of piercing
 C - a +2 vampiric trident
 H - a +1 whip of electrocution
Missiles
 o - 81 poisoned darts (quivered)
 s - 6 curare-tipped darts
 B - 12 boomerangs
 V - 6 atropa-tipped darts
Armour
 g - a +1 helmet (worn)
 x - a +0 pair of boots (worn)
 E - a +1 pair of gloves (worn)
 I - the +3 ring mail "Jote" (worn) {Int+4 Dex+4}
   (You found it on level 7 of the Dungeon)

   It affects your intelligence (+4).
   It affects your dexterity (+4).
 W - a +0 cloak (worn)
 Y - a +0 buckler (worn)
Jewellery
 u - an uncursed ring of ice
 G - the ring "Irhunuma" (left hand) {rF+ rN+ AC+2}
   (You found it on level 6 of the Dungeon)

   [ring of protection]

   It affects your AC (+2).
   It protects you from fire.
   It protects you from negative energy.
 J - a ring of poison resistance (right hand)
Wands
 v - a wand of polymorph (5)
 y - a wand of disintegration (18)
 P - a wand of iceblast (1)
 X - a wand of flame (21)
Scrolls
 e - a scroll of random uselessness {unknown}
 f - 6 scrolls of enchant weapon
 h - 3 scrolls of noise {unknown}
 i - 4 scrolls of remove curse
 j - 3 scrolls of fog {unknown}
 l - a scroll of blinking {unknown}
 m - 5 scrolls of teleportation {unknown}
 n - 3 scrolls of fear {unknown}
 p - a scroll of torment {unknown}
 q - 3 scrolls of magic mapping {unknown}
 z - 7 scrolls of identify
 L - a scroll of acquirement {unknown}
 O - a scroll of enchant armour {unknown}
 S - 2 scrolls of amnesia {unknown}
 U - 2 scrolls of summoning {unknown}
Potions
 d - 4 potions of might
 k - 4 potions of lignification {!q}
 r - 4 potions of flight
 t - 4 potions of haste
 w - 3 potions of curing
 A - 3 potions of mutation {!q}
 D - a potion of resistance
 K - 2 potions of cancellation
 M - a potion of brilliance
 N - 2 potions of ambrosia
 Q - a potion of magic
 R - 2 potions of agility
Comestibles
 c - 23 rations


   Skills:
 + Level 5.3 Fighting
 + Level 6.7 Polearms
 - Level 2.1 Dodging
 - Level 1.7 Stealth
 - Level 4.0 Shields
 - Level 10.0 Spellcasting
 - Level 2.0 Hexes
 + Level 11.1 Summonings
 - Level 4.0 Ice Magic
 - Level 4.0 Air Magic
 + Level 5.7 Invocations


You had 13 spell levels left.
You knew the following spells:

 Your Spells              Type           Power        Failure   Level  Hunger
a - Summon Small Mammal   Summ           ####         1%          1    None
b - Call Imp              Summ           ######..     1%          2    None
c - Call Canine Familiar  Summ           ######..     1%          3    None
d - Summon Ice Beast      Ice/Summ       #####...     7%          4    ##.....
f - Summon Lightning Spi  Summ/Air       #####...     7%          4    ##.....
g - Summon Guardian Gole  Hex/Summ       #####...     3%          3    None

Your spell library contained the following spells:

 Spells                   Type           Power        Failure   Level  Hunger
 Freeze                   Ice            ####         3%          1    None
 Poisonous Vapours        Pois/Air       ###...       11%         2    None
 Slow                     Hex            ###.....     11%         2    None
 Sting                    Tmut/Pois      ##..         16%         1    None
 Ozocubu's Armour         Chrm/Ice       ###.....     21%         3    None
 Mephitic Cloud           Conj/Pois/Air  ###.....     26%         3    None
 Portal Projectile        Hex/Tloc       ###...       30%         3    None
 Ignite Poison            Fire/Tmut/Pois ##......     43%         3    None
 Cause Fear               Hex            ###.......   56%         4    ##.....
 Hailstorm                Conj/Ice       ###.....     56%         4    ##.....
 Olgreb's Toxic Radiance  Pois           ##......     83%         4    ##.....
 Invisibility             Hex            ###.....     100%        6    ######.


Dungeon Overview and Level Annotations

Branches:
Dungeon (11/15)            Temple (1/1) D:7            Lair (0/6) D:8
    Orc (0/2) D:11        Ossuary (visited)

Altars:
Ashenzari
Cheibriados
Dithmenos
Elyvilon
Fedhas
Gozag
Hepliaklqana
Kikubaaqudgha
Makhleb
Nemelex Xobeh
Okawaru
Qazlal
Ru
Sif Muna
Trog
Uskayaw
Vehumet
Wu Jian
Xom
Yredelemnul
Zin
The Shining One


Innate Abilities, Weirdness & Mutations

You can be seen from farther away. (+LOS)
You can swim through water.
You cover ground slowly.
You can hop short distances.


Message History

You see here a pair of gloves.
Something hits you! Something bites you but does no damage.
You see here a scroll of identify.
As you read the scroll labeled RELIUGAMOE, it crumbles to dust.
It is a scroll of enchant weapon.
Your +2 trident of venom glows red for a moment.
Something hits you!!
* * * LOW HITPOINT WARNING * * *
Something bites you but does no damage.
You feel much better. Something hits you but does no damage.
Something bites you but does no damage.
As you read the scroll labeled BAOGOKHLOES, it crumbles to dust.
You feel blessed for a moment.
It was a scroll of remove curse.
Something hits you. Something bites you.
* * * LOW HITPOINT WARNING * * *
Something draws strength from your injuries!
Hop to where?
Press: ? - help, Dir - move target cursor Boing!
Something hits you!!
You die...

........#...###.###...#.#.....#.#
...........## .# ##....#.....#.#
(.........## # ##...'.....#.#
......##.## ##..#.....#.>
......#### ### ##.###...#..
......### #○# #####...#..
........# ##[## #....#..
........# #..(# #....#..
........# #..@# .## #....#..
......### #...# #.# #....#..
......# ###†### #.# #....#..
......# #.....# #.#########..
......#. #..⌠..# #.#..........
......#.# #.....# #.###..##....
.>....#.# #.....# #.# #..##....
+.#. #..⌠..# #.###..##.... #.#.#
#.....###.#..........


There were no monsters in sight!

Vanquished Creatures
  A death knight (D:10)
  A freezing wraith (D:10)
  3 trolls
  A hornet (D:9)
  3 slime creatures (D:11)
  A shadow (D:11)
  2 wraiths
  A warg (D:8)
  Edmund (D:4)
  A water moccasin (D:10)
  2 orc warriors
  4 sky beasts
  An ice beast (D:10)
  2 ogres
  2 centaurs
  A bullfrog (D:10)
  4 gnoll sergeants
  3 scorpions
  A water moccasin skeleton (D:7)
  2 vampire bats (D:9)
  A howler monkey (D:9)
  3 bullfrog zombies
  3 crimson imps
  5 hounds
  A centaur skeleton (D:4)
  3 bullfrog skeletons
  4 orc wizards
  An orc priest (D:10)
  2 iguanas
  7 worker ants
  A hound skeleton (D:6)
  A worker ant zombie (D:6)
  5 adders
  A gnoll (D:9)
  5 shadow imps
  2 oozes
  An adder skeleton (D:5)
  2 worms
  4 leopard geckos
  10 orcs
  A bat (D:3)
  2 bat skeletons (D:9)
  3 bat zombies (D:9)
  3 giant cockroaches
  A goblin (D:3)
  3 hobgoblins
  9 jackals
  2 kobolds
  4 quokkas
  A frilled lizard (D:1)
  A giant cockroach zombie (D:6)
  A gnoll zombie (Ossuary)
  A jackal skeleton (D:6)
  A leopard gecko skeleton (D:5)
  A quokka zombie (D:8)
  A rat (D:2)
134 creatures vanquished.

Vanquished Creatures (collateral kills)
  A two-headed ogre (D:10)
  2 unseen horrors (D:11)
  2 ugly things (D:11)
  Joseph (D:7)
  A gargoyle (D:11)
  A komodo dragon (D:11)
  The ghost of Borgoz the Cudgeler, a novice GrBe of Trog (D:4)
  3 trolls (D:11)
  2 hippogriffs
  3 slime creatures (D:11)
  The ghost of VictorG the Insei, an amateur OpTm (D:6)
  A spriggan (D:7)
  A wraith (D:10)
  2 vampires
  A steam dragon (D:10)
  A hungry ghost (D:7)
  Menkaure (D:7)
  A warg (D:8)
  A water moccasin (D:7)
  2 sky beasts
  4 orc warriors
  A phantom (D:5)
  An ice beast (D:9)
  5 ogres
  A centaur (D:8)
  Blork the orc (D:4)
  2 big kobolds
  3 gnoll sergeants
  3 bullfrogs
  A scorpion (D:7)
  5 wights (D:8)
  3 killer bees (D:9)
  A crimson imp (D:10)
  3 hounds
  3 jellies
  3 orc priests
  Ijyb (D:4)
  Terence (D:2)
  2 iguanas (D:5)
  2 orc wizards (D:8)
  4 worker ants
  A hound zombie (D:7)
  8 mummies (Ossuary)
  9 gnolls
  5 adders
  A shadow imp (D:6)
  A dart slug (D:3)
  17 orcs
  3 giant cockroaches (D:1)
  5 goblins
  A hobgoblin (D:2)
  8 jackals
  A quokka (D:7)
  3 bats (D:1)
  3 frilled lizards
  3 gnoll zombies (Ossuary)
  2 hobgoblin zombies (Ossuary)
  6 kobolds
  A kobold zombie (Ossuary)
  An orc zombie (Ossuary)
  2 rats (D:2)
160 creatures vanquished.

Vanquished Creatures (others)
  A hydra (D:11)
  A black bear (D:11)
2 creatures vanquished.

Grand Total: 296 creatures vanquished

Notes
Turn   | Place    | Note
-------+----------+-------------------------------------------
     0 | D:1      | mopl the Barachi Summoner began the quest for the Orb.
     0 | D:1      | Reached XP level 1. HP: 13/13 MP: 3/3
   205 | D:1      | Reached skill level 5 in Summonings
   368 | D:1      | Reached XP level 2. HP: 16/19 MP: 3/5
   372 | D:1      | Learned a level 2 spell: Call Imp
  1003 | D:2      | Noticed Terence
  1041 | D:2      | Killed Terence
  1099 | D:2      | Reached XP level 3. HP: 19/24 MP: 5/7
  1104 | D:2      | Learned a level 3 spell: Call Canine Familiar
  1142 | D:2      | Reached skill level 3 in Spellcasting
  1227 | D:2      | Found a hide-covered altar of Uskayaw.
  1387 | D:2      | Found a shadowy altar of Dithmenos.
  1651 | D:2      | Found a shattered altar of Ashenzari.
  2300 | D:3      | Reached XP level 4. HP: 30/30 MP: 7/9
  2308 | D:3      | Learned a level 4 spell: Summon Ice Beast
  2700 | D:4      | Noticed Blork the orc
  2710 | D:4      | Killed Blork the orc
  2710 | D:4      | Reached skill level 4 in Spellcasting
  2710 | D:4      | Reached skill level 6 in Summonings
  2710 | D:4      | Reached skill level 1 in Ice Magic
  2710 | D:4      | Reached XP level 5. HP: 12/35 MP: 6/11
  3041 | D:4      | Noticed Ijyb
  3051 | D:4      | Killed Ijyb
  3219 | D:4      | Found a transporter.
  3222 | D:4      | Noticed Borgoz's ghost (novice GrBe)
  3223 | D:4      | Found a transporter.
  3236 | D:4      | Reached skill level 2 in Ice Magic
  3237 | D:4      | Reached XP level 6. HP: 29/41 MP: 11/13
  3410 | D:4      | Learned a level 4 spell: Summon Lightning Spire
  3446 | D:4      | Noticed Edmund
  3469 | D:4      | Killed Edmund
  3469 | D:4      | Reached skill level 5 in Spellcasting
  3469 | D:4      | Reached skill level 1 in Air Magic
  3624 | D:4      | Found a sparkling altar of Nemelex Xobeh.
  3625 | D:4      | Found a bloodstained altar of Trog.
  3791 | D:5      | Entered Level 5 of the Dungeon
  3815 | D:5      | Reached skill level 3 in Ice Magic
  3816 | D:5      | Reached XP level 7. HP: 43/46 MP: 7/14
  3849 | D:5      | Found a snail-covered altar of Cheibriados.
  4308 | D:5      | Reached skill level 2 in Air Magic
  4331 | D:5      | Reached skill level 7 in Summonings
  4675 | D:5      | Found a white marble altar of Elyvilon.
  4718 | D:5      | Found a shimmering altar of Xom.
  4755 | D:5      | Found a burning altar of Makhleb.
  4758 | D:5      | Noticed a cacodemon
  4763 | D:5      | Noticed an orange demon
  4763 | D:5      | Noticed a neqoxec
  5011 | D:6      | Reached skill level 6 in Spellcasting
  5153 | D:6      | Found a runed translucent door.
  5156 | D:6      | Noticed VictorG's ghost (amateur OpTm)
  5164 | D:6      | Reached skill level 3 in Air Magic
  5164 | D:6      | Reached XP level 8. HP: 18/52 MP: 17/17
  5374 | D:6      | Killed VictorG's ghost
  5543 | D:6      | Learned a level 3 spell: Summon Guardian Golem
  5589 | D:6      | Got a pitted marble ring
  5592 | D:6      | Identified the ring "Irhunuma" {rF+ rN+ AC+2} (You found it
                  | on level 6 of the Dungeon)
  5658 | D:6      | Reached skill level 7 in Spellcasting
  5843 | D:6      | Reached skill level 1 in Polearms
  5843 | D:6      | Reached skill level 1 in Hexes
  6117 | D:7      | Noticed Joseph
  6135 | D:7      | Killed Joseph
  6135 | D:7      | Reached skill level 8 in Summonings
  6187 | D:7      | Reached skill level 2 in Hexes
  6219 | D:7      | Found a staircase to the Ecumenical Temple.
  6235 | Temple   | Entered the Ecumenical Temple
  6274 | Temple   | Became a worshipper of Sif Muna the Loreminder
  6304 | D:7      | Got a scorched ring mail
  6405 | D:7      | Noticed Menkaure
  6412 | D:7      | Killed Menkaure
  6412 | D:7      | Reached skill level 2 in Polearms
  6565 | D:7      | Found a sand-covered staircase.
  6572 | Ossuary  | Entered an ossuary
  6609 | Ossuary  | Reached skill level 1 in Invocations
  6656 | Ossuary  | Reached XP level 9. HP: 57/57 MP: 11/20
  6798 | D:7      | Identified the +3 ring mail "Jote" {Int+4 Dex+4} (You found
                  | it on level 7 of the Dungeon)
  6814 | D:7      | Reached skill level 8 in Spellcasting
  6853 | D:7      | Reached * piety under Sif Muna
  7021 | D:7      | Found an ornate altar of the Wu Jian Council.
  7025 | D:7      | Reached skill level 3 in Polearms
  7154 | D:7      | Reached skill level 2 in Invocations
  7279 | D:7      | Found a snail-covered altar of Cheibriados.
  7476 | D:4      | Killed Borgoz's ghost
  7844 | D:8      | Reached skill level 9 in Summonings
  7895 | D:8      | Reached skill level 9 in Spellcasting
  7903 | D:8      | Reached ** piety under Sif Muna
  8006 | D:8      | Found a staircase to the Lair.
  8065 | D:8      | Reached skill level 4 in Polearms
  8065 | D:8      | Reached skill level 3 in Invocations
  8418 | D:8      | Got a translucent hunting sling
  8789 | D:9      | Found a basalt altar of Yredelemnul.
  8790 | D:9      | Found a radiant altar of Vehumet.
  8830 | D:9      | Noticed a troll
  8879 | D:9      | Killed a troll
  8879 | D:9      | Reached XP level 10. HP: 11/63 MP: 1/23
  9413 | D:9      | Found a bloodstained altar of Trog.
  9648 | D:9      | Reached *** piety under Sif Muna
  9660 | D:9      | Found an ancient bone altar of Kikubaaqudgha.
  9756 | D:10     | Entered Level 10 of the Dungeon
  9763 | D:10     | Reached skill level 10 in Spellcasting
  9770 | D:10     | Reached skill level 1 in Fighting
  9817 | D:10     | Reached skill level 5 in Polearms
  9817 | D:10     | Reached skill level 4 in Invocations
  9825 | D:10     | Identified the Compendium of Execration
  9879 | D:10     | Noticed a two-headed ogre
  9885 | D:10     | Killed a two-headed ogre
  9885 | D:10     | Reached skill level 2 in Fighting
  9948 | D:10     | Reached skill level 10 in Summonings
 10065 | D:10     | Upgraded the game from 0.25-a0-302-g9f758675c1 to
                  | 0.25-a0-308-geac79542e2
 10258 | D:10     | Reached skill level 4 in Ice Magic
 10300 | D:10     | Noticed a death knight
 10326 | D:10     | Killed a death knight
 10326 | D:10     | Reached skill level 3 in Fighting
 10326 | D:10     | Reached skill level 1 in Shields
 10326 | D:10     | Reached skill level 4 in Air Magic
 10745 | D:11     | Reached skill level 2 in Shields
 11000 | D:11     | Reached XP level 11. HP: 70/75 MP: 25/25
 11196 | D:11     | Killed an unseen horror
 11433 | D:11     | Reached skill level 4 in Fighting
 11433 | D:11     | Reached skill level 6 in Polearms
 11433 | D:11     | Reached skill level 5 in Invocations
 11771 | D:11     | Reached skill level 3 in Shields
 11796 | D:11     | Found a staircase to the Orcish Mines.
 11811 | D:11     | Reached **** piety under Sif Muna
 12204 | D:11     | Noticed a green ugly thing
 12204 | D:11     | Noticed a green ugly thing
 12214 | D:11     | Killed a green ugly thing
 12217 | D:11     | Killed a cyan ugly thing
 12339 | D:11     | Killed an unseen horror
 12339 | D:11     | Reached skill level 5 in Fighting
 12453 | D:11     | Noticed a five-headed hydra
 12468 | D:11     | Killed a five-headed hydra
 12468 | D:11     | Reached skill level 4 in Shields
 12468 | D:11     | Reached skill level 11 in Summonings
 12486 | D:11     | Found a runed translucent door.
 12489 | D:11     | Noticed a vampire knight
 12522 | D:11     | Mangled by a vampire knight

Levels and vault maps discovered:
D:1:      scummos_arrival_forest, layout_rooms, serial_co_window_serial,
          co_window_of_opportunity_a, co_window_paths_a, co_window_paths_b,
          co_window_paths_b, co_window_corner_a, co_window_corner_a,
          co_window_paths_b, co_window_paths_a, co_window_paths_b,
          co_window_corner_cb, co_window_of_opportunity_b,
          co_window_of_opportunity_c, co_window_broadway_b, co_window_corner_b,
          co_window_2corner, co_window_broadway_b, glass_columns_c,
          glass_columns_c, glass_columns_a, glass_columns_a
D:2:      layout_basic, lemuel_doored_altar, old_standard_altar,
          grunt_dithmenos_smoke_and_mirrors, first_ration,
          kennysheep_another_room, uniq_terence
D:3:      layout_loops_corners
D:4:      layout_gridville, chequers_temple_overflow_statue_of_worship,
          gammafunk_ghost_arena, uniq_edmund, uniq_ijyb, uniq_blork_the_orc
D:5:      layout_loops_ring, nicolae_overflow_crystal_walls,
          makhleb_altar_promises_db, old_standard_altar, minmay_ruined_shrine
D:6:      layout_loops_ring, gammafunk_ghost_grave
D:7:      layout_basic, marbit_many_paths, kennysheep_mini,
          minmay_temple_entry_slanted, chequers_ossuary_entry_cave, the_bakery,
          uniq_menkaure, uniq_joseph
D:8:      layout_cave_pods, erik_lair_orcish_takeover
D:9:      layout_basic, kennysheep_vampire_church,
          gammafunk_temple_overflow_statue, minmay_misc_feat_cross, bloody_trog
D:10:     layout_basic
D:11:     layout_stronghold, kennysheep_orc_monster_closet_entryway, wad_hexagon
Temple:   compressed_dpeg_triangle_lava_temple

Skill      XL: |  1  2  3  4  5  6  7  8  9 10 11 |
---------------+----------------------------------+-----
Summonings     | 5 6 7 8 9 10 11 | 11.1
Spellcasting   | 3 4 5 6 7 9 10 | 10.0
Ice Magic      | 1 2 3 4 |  4.0
Air Magic      | 1 3 4 |  4.0
Polearms       | 2 4 5 6 |  6.7
Hexes          | 2 |  2.0
Invocations    | 1 3 4 5 |  5.7
Fighting       | 3 5 |  5.3
Shields        | 2 4 |  4.0
Dodging        | |  2.1
Stealth        | |  1.7

Action                   |  1- 3 |  4- 6 |  7- 9 | 10-12 || total
-------------------------+-------+-------+-------+-------++-------
Melee: Unarmed           |    61 |       |       |       ||    61
       Quarterstaff      |    37 |    60 |    66 |       ||   163
       Dagger            |       |     3 |    79 |       ||    82
       Halberd           |       |       |    70 |       ||    70
       Glaive            |       |       |    40 |    33 ||    73
       Trident           |       |       |       |   265 ||   265
Throw: Dart              |       |       |     3 |     9 ||    12
 Cast: Summon Small Mamm |    17 |       |     1 |       ||    18
       Call Imp          |    16 |     7 |     8 |       ||    31
       Call Canine Famil |       |     5 |    19 |    22 ||    46
       Summon Lightning  |       |     1 |    12 |     7 ||    20
       Summon Ice Beast  |       |       |    40 |    27 ||    67
       Summon Guardian G |       |       |     1 |     7 ||     8
Invok: Channel Magic     |       |       |     1 |     1 ||     2
 Abil: Hop               |       |       |     1 |     3 ||     4
Evoke: Wand              |       |       |     4 |     4 ||     8
  Use: Scroll            |     4 |     2 |     6 |     4 ||    16
       Potion            |       |       |       |     1 ||     1
 Stab: Sleeping          |     1 |     1 |     3 |     2 ||     7
       Distracted        |       |     1 |     2 |     1 ||     4
  Eat: Chunk             |     6 |     6 |    17 |    14 ||    43
       Ration            |       |       |     2 |       ||     2
Armor: Robe              |    26 |    26 |    48 |       ||   100
       Ring mail         |       |       |    60 |   119 ||   179
Dodge: Dodged            |    86 |    54 |   160 |   135 ||   435
Block: Buckler           |       |       |       |     2 ||     2

Table legend:
 A = Non-vault XP
 B = Vault XP
 C = Vault XP percentage of total XP
 D = Non-vault monster count
 E = Vault monster count
 F = Vault count percentage of total count
                 A         B        C        D         E       F
            +---------+---------+-------+---------+---------+-------
      Total |   10758 |    3812 |  26.2 |     223 |      73 |  24.7
            +---------+---------+-------+---------+---------+-------
        D:1 |      10 |       0 |   0.0 |       9 |       0 |   0.0
        D:2 |      24 |      18 |  42.9 |      15 |       1 |   6.2
        D:3 |      43 |       0 |   0.0 |      14 |       0 |   0.0
        D:4 |     239 |     433 |  64.4 |      16 |       8 |  33.3
        D:5 |     269 |     115 |  29.9 |      13 |       5 |  27.8
        D:6 |     571 |     122 |  17.6 |      20 |       1 |   4.8
        D:7 |     801 |     432 |  35.0 |      24 |       4 |  14.3
        D:8 |     845 |     281 |  25.0 |      26 |       7 |  21.2
        D:9 |    1443 |     122 |   7.8 |      30 |       7 |  18.9
       D:10 |    2995 |       0 |   0.0 |      26 |       0 |   0.0
       D:11 |    3518 |    2209 |  38.6 |      30 |      24 |  44.4
    Ossuary |       0 |      80 | 100.0 |       0 |      16 | 100.0
            +---------+---------+-------+---------+---------+-------
